 Dungeon Crawl Stone Soup version 0.31-a0-848-gaac375c287 (webtiles) character file.

Game seed: 8435006459986109092

431 garrulousMonolith the Digger (level 6, 0/36 HPs)
             Began as a Gargoyle Earth Elementalist on Oct 4, 2023.
             Slain by Edmund
             ... wielding a +1 flail of protection
              (7 damage)
             ... on level 4 of the Dungeon.
             The game lasted 00:04:13 (3198 turns).

garrulousMonolith the Digger (GrEE)                 Turns: 3198, Time: 00:04:13

Health: 0/36       AC:  6    Str: 17    XL:     6   Next: 99%
Magic:  10/10      EV: 12    Int: 18    God:
Gold:   140        SH:  0    Dex: 10    Spells: 4/10 levels left

rFire   . . .        y - +1 whip (elec)
rCold   . . .        (no shield)
rNeg    + . .        a - +0 robe
rPois   ∞            (no helmet)
rElec   +            (no cloak)
rCorr   +            (no gloves)
SInv    .            (no boots)
Will    .....        (no amulet)
Stlth   ++           m - +6 ring of strength
HPRegen 0.26/turn    o - ring of resist corrosion
MPRegen 0.12/turn

%: no passive effects
@: no status effects
A: sickness immunity, AC +4, negative energy resistance 1, electricity
resistance, torment resistance 1, petrification resistance
a: no special abilities


You were on level 4 of the Dungeon.
You visited 1 branch of the dungeon, and saw 4 of its levels.

You collected 140 gold pieces.

Inventory:

Hand Weapons
 y - a +1 whip of electrocution (weapon)
Missiles
 h - 3 javelins
 i - 3 datura-tipped darts
 u - a throwing net
Armour
 a - a +0 robe (worn)
Jewellery
 m - a +6 ring of strength (left hand)
 o - a ring of resist corrosion (right hand)
 x - a ring of wizardry
Wands
 q - a wand of paralysis (8)
Scrolls
 c - a scroll of blinking {unknown}
 d - a scroll of amnesia {unknown}
 f - a scroll of teleportation
 g - a scroll of immolation {unknown}
 l - a scroll of enchant weapon {unknown}
 n - a scroll of fog {unknown}
 p - a scroll of acquirement {unknown}
Potions
 e - a potion of brilliance
 j - a potion of might {unknown}
 k - a potion of mutation
 r - a potion of cancellation
 t - a potion of enlightenment
 v - a potion of invisibility {unknown}
 w - a potion of curing {unknown}


   Skills:
 + Level 2.8 Fighting
 + Level 2.6 Dodging
 - Level 2.1 Stealth
 + Level 2.9 Spellcasting
 * Level 2.7 Conjurations
 - Level 2.0 Transmutations
 * Level 5.7 Earth Magic


You had 4 spell levels left.
You knew the following spells:

 Your Spells              Type           Power      Damage    Failure   Level
a - Sandblast             Erth           46%        2d11      1%          1
b - Stone Arrow           Conj/Erth      34%        3d9       9%          3
c - Passwall              Tmut/Erth      13%        N/A       4%          2

Your spell library contained the following spells:

 Spells                   Type           Power      Damage    Failure   Level
 Apportation              Tloc           4%         N/A       17%         1
 Jinxbite                 Hex            4%         N/A       26%         2
 Brom's Barrelling Bould  Conj/Erth      17%        2d4       28%         4
 Petrify                  Tmut/Erth      16%        N/A       32%         4
 Ignite Poison            Fire/Tmut/Pois 5%         N/A       36%         3
 Alistair's Intoxication  Tmut/Pois      4%         N/A       97%         5
 Freezing Cloud           Conj/Ice/Air   2%         6-21      97%         5
 Cigotuvi's Dreadful Rot  Necr/Pois/Air  Unusable   N/A       N/A         2

Dungeon Overview and Level Annotations

Branches:
Dungeon (4/15)
 Temple: D:4-7

Altars:

Shops:
D:3 (

Annotations:
D:4 Edmund


Innate Abilities, Weirdness & Mutations

You are immune to sickness and miasma.
Your stone body is resilient. (AC +4)
You are immune to poison.
You resist negative energy. (rN+)
You are resistant to electric shocks. (rElec)
You are resistant to unholy torment.
You are immune to petrification.


Message History

Confirm with . or Enter, or press ? or * to list all spells.
Aiming: Stone Arrow (dangerous; 9% risk of failure)
Press: ? - help, Shift-Dir - straight line, f/p - Edmund
Aim: Edmund, wielding a +1 flail of protection and wearing a +0 ring mail (moderately wounded, 72% to hit)
The stone arrow misses Edmund.
Edmund misses you.
You closely miss Edmund.
Edmund is moderately wounded.
Edmund barely misses you.
You hit Edmund but do no damage.
Edmund is moderately wounded.
Edmund misses you.
You hit Edmund but do no damage.
Edmund is moderately wounded.
Edmund hits you but does no damage.
You whack Edmund!
Edmund is heavily wounded.
Edmund hits you with a +1 flail of protection.
You barely miss Edmund.
Edmund is heavily wounded.
Edmund closely misses you.
You hit Edmund but do no damage.
Edmund is heavily wounded.
Edmund hits you with a +1 flail of protection!
Casting: Stone Arrow (dangerous; 9% risk of failure)
Confirm with . or Enter, or press ? or * to list all spells.
Aiming: Sandblast (safe; 1% risk of failure)
Press: ? - help, Shift-Dir - straight line, f/p - Edmund
Aim: Edmund, wielding a +1 flail of protection and wearing a +0 ring mail (heavily wounded, 85% to hit)
The blast of sand hits Edmund but does no damage.
Edmund is heavily wounded.
Edmund hits you with a +1 flail of protection.
Edmund closely misses you.
You hit Edmund but do no damage.
Edmund is heavily wounded.
Edmund hits you with a +1 flail of protection!
* * * LOW HITPOINT WARNING * * *
Magic courses through your body.
Edmund hits you with a +1 flail of protection!
You die...
Edmund says, "I'd like to see a scythe do that!"

## ######## ###.##
....#..# #..... ......##
....# .....## ...# ##..##
..# #..## #@# ..## #@#
.## #.## ## ##.# ##
#.###### .## #......#
..## ###......## ...##
##.........#
....##########..........#
#
........................#
#


You could see Edmund.

Vanquished Creatures
  A bullfrog (D:4)
  A scorpion (D:4)
  A howler monkey (D:4)
  A hound (D:4)
  A gnoll bouda (D:4)
  Jessica (D:3)
  9 gnolls
  5 adders
  2 dart slugs
  An orc (D:3)
  6 bats
  3 endoplasms
  3 giant cockroaches
  3 goblins
  5 hobgoblins
  6 quokkas
  2 ball pythons
  A frilled lizard (D:1)
  4 kobolds
  6 rats
62 creatures vanquished.

Notes
Turn   | Place    | Note
-------+----------+-------------------------------------------
     0 | D:1      | garrulousMonolith the Gargoyle Earth Elementalist began the
                  | quest for the Orb.
     0 | D:1      | Reached XP level 1. HP: 10/10 MP: 3/3
   196 | D:1      | Reached skill level 1 in Transmutations
   237 | D:1      | Reached XP level 2. HP: 16/16 MP: 1/5
   741 | D:1      | Reached skill level 4 in Earth Magic
   784 | D:1      | Reached skill level 1 in Fighting
  1002 | D:2      | Reached XP level 3. HP: 20/20 MP: 4/6
  1006 | D:2      | Learned a level 3 spell: Stone Arrow
  1009 | D:2      | Learned a level 2 spell: Passwall
  1788 | D:3      | Found Puliox's Weapon Shop.
  1869 | D:3      | Reached XP level 4. HP: 25/25 MP: 4/7
  2130 | D:3      | Noticed Jessica
  2135 | D:3      | Killed Jessica
  2260 | D:3      | Reached XP level 5. HP: 30/30 MP: 4/8
  2663 | D:3      | Reached skill level 1 in Conjurations
  2690 | D:4      | Noticed Edmund
  2746 | D:4      | Reached skill level 5 in Earth Magic
  2775 | D:4      | Reached XP level 6. HP: 34/36 MP: 1/10
  3198 | D:4      | Slain by Edmund

Illustrated notes

Levels and vault maps discovered:
D:1:      minmay_arrival_split_and_join, layout_loops_cross, minmay_box_of_dots
D:2:      layout_basic
D:3:      layout_basic, serial_shops, shop, uniq_jessica
D:4:      layout_cave_pods, minmay_misc_feat_encased, uniq_edmund

Skill      XL: |  1  2  3  4  5 |
---------------+----------------+-----
Transmutations | 1 2 |  2.0
Earth Magic    | 4 5 |  5.7
Fighting       | 1 2 |  2.8
Dodging        | 2 |  2.6
Conjurations   | 2 |  2.7
Stealth        | |  2.1
Spellcasting   | |  2.9

Action                     |  1- 3 |  4- 6 || total
---------------------------+-------+-------++-------
  Melee: Unarmed           |    10 |       ||    10
         Dagger            |     5 |       ||     5
         Whip              |       |    12 ||    12
   Cast: Sandblast         |    45 |    65 ||   110
         Stone Arrow       |       |     3 ||     3
    Use: Scroll            |     4 |     3 ||     7
         Potion            |       |     2 ||     2
 Armour: Robe              |    19 |    35 ||    54
  Dodge: Dodged            |    19 |    30 ||    49

Table legend: (Time is in decaauts)
 A = Elapsed time spent in this place.
 B = Non-inter-level travel time spent in this place.
 C = Inter-level travel time spent in this place.
 D = Time resting spent in this place.
 E = Time spent auto-exploring this place.
 F = Levels seen in this place.
 G = Mean time per level.
                   A        B        C        D        E       F      G
               +--------+--------+--------+--------+--------+-----+--------+
         Total |   3252 |   3170 |     82 |    402 |   2295 |   4 |  813.0 |
       Dungeon |   3252 |   3170 |     82 |    402 |   2295 |   4 |  813.0 |
               +--------+--------+--------+--------+--------+-----+--------+

Top non-repeatable levels by time:
     D:1: 1001 daAuts
     D:3: 922 daAuts
     D:2: 780 daAuts
     D:4: 549 daAuts
